 Dungeon Crawl Stone Soup version 0.23.2 (webtiles) character file.

Game seed: 6361308491352391908

389 Ludini the Slasher (level 7, -6/52 HPs)
             Began as a Formicid Fighter on Apr 12, 2019.
             Mangled by Menkaure (12 damage)
             ... on level 4 of the Dungeon.
             The game lasted 00:13:22 (4373 turns).

Ludini the Slasher (Formicid Fighter)               Turns: 4373, Time: 00:13:23

Health: -6/52      AC:  6    Str: 22    XL:     7   Next: 7%
Magic:  7/7        EV:  8    Int:  8    God:
Gold:   205        SH:  9    Dex: 10    Spells: 6/6 levels left

rFire    . . .     SeeInvis +   a - +0 long sword
rCold    . . .     Gourm    .   c - +0 shield
rNeg     . . .     Faith    .   b - +0 scale mail
rPois    .         Spirit   .   (helmet unavailable)
rElec    .         Reflect  .   (no cloak)
rCorr    .         Harm     .   (no gloves)
MR       +....                  (no boots)
Stlth    ..........             (no amulet)
HPRegen  0.17/turn              u - ring of protection from magic
MPRegen  0.10/turn              (no ring)

@: no status effects
A: permanent stasis, dig shafts and tunnels, four strong arms, antennae 3
a: Dig, Shaft Self


You were on level 4 of the Dungeon.
You were not hungry.

You visited 1 branch of the dungeon, and saw 4 of its levels.

You collected 205 gold pieces.

Inventory:

Hand Weapons
 a - a +0 long sword (weapon)
Armour
 b - a +0 scale mail (worn)
 c - a +0 shield (worn)
Jewellery
 u - a ring of protection from magic (left hand)
Wands
 s - a wand of paralysis (3)
Scrolls
 e - a scroll of magic mapping {unknown}
 g - 2 scrolls of remove curse {unknown}
 i - a scroll of amnesia {unknown}
 j - 2 scrolls of teleportation {unknown}
 k - a scroll of identify {unknown}
 p - a scroll of immolation {unknown}
 q - 4 scrolls of enchant weapon {unknown}
 r - a scroll of random uselessness {unknown}
 t - 2 scrolls of enchant armour {unknown}
Potions
 d - a potion of might
 h - a potion of invisibility {unknown}
 l - 3 potions of curing {unknown}
 n - 2 potions of flight {unknown}
 o - a potion of cancellation {unknown}
Comestibles
 f - 7 rations
 m - a chunk of flesh


   Skills:
 - Level 3.3 Fighting
 + Level 6.9 Long Blades
 - Level 3.4 Armour
 - Level 3.8 Shields


You had 6 spell levels left.
You didn't know any spells.
Your spell library was empty.

Dungeon Overview and Level Annotations

Branches:
Dungeon (4/15)
 Temple: D:4-7

Altars:
Dithmenos
Fedhas
Hepliaklqana
Trog
Uskayaw
Yredelemnul

Annotations:
D:4 Menkaure


Innate Abilities, Weirdness & Mutations

You cannot be hasted, slowed, berserked, paralysed or teleported.
You can dig through walls and to a lower floor.
Your four strong arms can wield two-handed weapons with a shield.
You have a pair of large antennae on your head. (SInv)


Message History

You easily resist.
You hit Menkaure.
Menkaure is moderately damaged.
Menkaure calls on the powers of darkness!
Your body is wracked with pain!
You hit Menkaure.
Menkaure is moderately damaged.
Menkaure hits you!!
* * * LOW HITPOINT WARNING * * *
Your shield and scale mail prevent you from hitting Menkaure.
Menkaure is moderately damaged.
You block Menkaure's attack. x2
You hit Menkaure but do no damage.
Menkaure is moderately damaged.
Menkaure murmurs, "It doesn't hurt if you pull your brain out of your nose yourself."
You block Menkaure's attack.
Your scale mail prevents you from hitting Menkaure.
Menkaure is moderately damaged.
Menkaure hits you!
You die...

#.##.##.#.####..#
#.#.#.##..###..#
#.............#
##.#######....## #.# ###
#.....## # ##.##### #......#
..###(######....+_+........)
...........M..###+###.......
....#.#####@#.# #....... .
.. ##.##.###.###......# ...
#.###............... ...
##.##.##.#####...#.. ..
##.#...## #..##.. # ##.#..#
#.. #. ##.#.# #. ##.# .# {


You could see Menkaure.

Vanquished Creatures
  An orc priest (D:2)
  A hound (D:4)
  5 orc wizards (D:3)
  A worker ant (D:3)
  8 adders
  5 worms
  A dart slug (D:1)
  9 orcs
  A ball python (D:2)
  12 giant cockroaches
  7 goblins
  3 hobgoblins
  11 jackals
  4 quokkas
  5 bats
  3 frilled lizards (D:1)
  6 kobolds
  A leopard gecko skeleton (D:4)
  10 rats
94 creatures vanquished.

Notes
Turn   | Place    | Note
-------+----------+-------------------------------------------
     0 | D:1      | Ludini the Formicid Fighter began the quest for the Orb.
     0 | D:1      | Reached XP level 1. HP: 18/18 MP: 1/1
    92 | D:1      | Reached XP level 2. HP: 23/24 MP: 2/2
   464 | D:1      | Reached XP level 3. HP: 23/29 MP: 3/3
   518 | D:1      | Reached skill level 3 in Long Blades
   866 | D:2      | Found a hazy altar of Hepliaklqana.
  1132 | D:2      | Reached XP level 4. HP: 19/35 MP: 4/4
  1457 | D:2      | Found a shadowy altar of Dithmenos.
  1559 | D:2      | Reached skill level 4 in Long Blades
  1565 | D:2      | Found a hide-covered altar of Uskayaw.
  1627 | D:2      | Found a basalt altar of Yredelemnul.
  1862 | D:2      | Reached XP level 5. HP: 33/41 MP: 5/5
  2732 | D:2      | Reached skill level 5 in Long Blades
  3199 | D:3      | Reached XP level 6. HP: 46/47 MP: 6/6
  3260 | D:3      | Reached skill level 6 in Long Blades
  4123 | D:3      | Found a bloodstained altar of Trog.
  4291 | D:4      | Reached XP level 7. HP: 47/52 MP: 7/7
  4330 | D:4      | Found a blossoming altar of Fedhas.
  4358 | D:4      | Noticed Menkaure
  4373 | D:4      | Mangled by Menkaure

Skill      XL: |  1  2  3  4  5  6 |
---------------+-------------------+-----
Long Blades    | 3 4 5 6 |  6.9
Fighting       | |  3.3
Armour         | |  3.4
Shields        | |  3.8

Action                   |  1- 3 |  4- 6 |  7- 9 || total
-------------------------+-------+-------+-------++-------
Melee: Long sword        |    88 |   269 |     9 ||   366
  Eat: Chunk             |     1 |     7 |       ||     8
       Ration            |       |     1 |       ||     1
Armor: Scale mail        |    38 |    89 |     1 ||   128
Dodge: Dodged            |    25 |    75 |       ||   100
Block: Shield            |    50 |   125 |     7 ||   182
       Rpst.: Long sword |     9 |    21 |       ||    30
